[Event "Titled Tuesday Blitz July 4 Late 2023"]
[White "Sargsyan, Shant"]
[Black "Moksh Amit Doshi"]
[WhiteFideId "13306766"]
[BlackFideId "25064967"]
[WhiteElo "3010"]
[BlackElo "2564"]
[Result "1/2-1/2"]
[Round "2"]
[TimeControl "180+2"]
[Date "2023.07.04"]
[WhiteClock "0:00:02"]
[BlackClock "0:00:10"]
[Board "13"]

1. c4 Nf6 2. g3 e6 3. Bg2 d5 4. Nf3 Be7 5. O-O O-O 6. b3 c5 7. cxd5 Nxd5 8. Bb2 Nc6 9. d4 cxd4 10. Nxd4 Bd7 11. Nb5 Bf6 12. Qd2 Bxb2 13. Qxb2 Qb6 14. N5c3 Nxc3 15. Nxc3 Rfd8 16. Na4 Qd4 17. Rfd1 Qxb2 18. Nxb2 Be8 19. Nc4 Rxd1+ 20. Rxd1 Rd8 21. Rxd8 Nxd8 22. Nd6 Bc6 23. Bxc6 bxc6 24. Kf1 Kf8 25. Ke1 Ke7 26. Ne4 Nb7 27. Kd2 Nd6 28. Nc5 Nb5 29. a4 Nc7 30. Kc3 Kd6 31. Kc4 Nd5 32. b4 Nb6+ 33. Kc3 Kd5 34. e4+ Kd6 35. f4 f6 36. a5 Na8 37. Nb7+ Kc7 38. Nc5 Kd6 39. Kd4 Nc7 40. Nb7+ Kd7 41. Nc5+ Ke7 42. g4 Nb5+ 43. Kc4 Nd6+ 44. Kd3 Nb5 45. e5 fxe5 46. fxe5 Nc7 47. Kd4 Nb5+ 48. Kc4 Na3+ 49. Kd3 Nb5 50. Ne4 h6 51. h4 Nc7 52. Kc4 Nd5 53. Kc5 Kd7 54. g5 Nf4 55. gxh6 gxh6 56. Nf6+ Kc7 57. Kd4 Ng6 58. h5 Ne7 59. Kc5 Nd5 60. a6 Nc3 61. Ne8+ Kd7 62. Nf6+ Kc7 63. Ng8 Ne4+ 64. Kd4 Ng3 65. Nxh6 Kb6 66. Nf7 Nxh5 67. Nd8 Ng7 68. Kc4 Kc7 69. Nb7 Kb6 70. Nc5 Nf5 71. Nxe6 Ne3+ 72. Kd4 Nd5 73. Nc5 Nxb4 74. e6 Nd5 75. Ne4 Kxa6 76. Kc5 Kb7 77. Kd6 a5 78. Nc5+ Kb6 79. Ne4 a4 80. Nd2 Kb5 81. Nb1 Kb4 82. Kxc6 Ne7+ 83. Kd6 Ng6 84. Kd5 Kb3 85. Nd2+ Kb4 86. Nb1 a3 87. Nxa3 Kxa3 88. Kd6 Kb4 89. e7 Nxe7 1/2-1/2


[Site "https://www.chess.com"]

[Event "Titled Tuesday Blitz July 4 Late 2023"]
[White "Vovk, Orest"]
[Black "Tahbaz, Arash"]
[WhiteFideId "14113490"]
[BlackFideId "12528846"]
[WhiteElo "2564"]
[BlackElo "3002"]
[Result "0-1"]
[Round "2"]
[TimeControl "180+2"]
[Date "2023.07.04"]
[WhiteClock "0:00:43"]
[BlackClock "0:01:09"]
[Board "14"]

1. g4 d5 2. Bg2 Bxg4 3. c4 c6 4. Qb3 e6 5. cxd5 exd5 6. Qxb7 Nd7 7. Nc3 Rc8 8. d4 Ngf6 9. Nf3 Bd6 10. Qa6 O-O 11. Be3 Qb6 12. Qxb6 axb6 13. O-O-O b5 14. h3 Bf5 15. Nh4 Be6 16. f4 Nb6 17. f5 Bd7 18. Bg5 Rfe8 19. Bxf6 gxf6 20. e4 b4 21. Ne2 dxe4 22. Rhf1 Nd5 23. Kb1 Ne3 24. Rg1 Nxd1 25. Rxd1 Kf8 26. Rf1 c5 27. dxc5 Bxc5 28. Nf4 Bb5 29. Nd5 Bd3+ 30. Ka1 Bxf1 31. Bxf1 Bf2 0-1


[Site "https://www.chess.com"]

[Event "Titled Tuesday Blitz July 4 Late 2023"]
[White "Bruedigam, Martin"]
[Black "Deac, Bogdan-Daniel"]
[WhiteFideId "24608033"]
[BlackFideId "1226380"]
[WhiteElo "2561"]
[BlackElo "2997"]
[Result "0-1"]
[Round "2"]
[TimeControl "180+2"]
[Date "2023.07.04"]
[WhiteClock "0:00:04"]
[BlackClock "0:00:07"]
[Board "15"]

1. c4 f5 2. d4 Nf6 3. Nc3 e6 4. Bg5 Bb4 5. e3 h6 6. Bxf6 Bxc3+ 7. bxc3 Qxf6 8. Bd3 d6 9. f4 e5 10. Qh5+ g6 11. Qh3 e4 12. Bc2 Nd7 13. Ne2 c5 14. Ba4 Kd8 15. Bxd7 Bxd7 16. Rb1 Kc7 17. Qg3 Qf7 18. O-O Qxc4 19. Rb2 Rhg8 20. Qh4 h5 21. Rd1 Qf7 22. c4 Rac8 23. dxc5 dxc5 24. Nc3 Kb8 25. Nd5 Rge8 26. Qe1 Bc6 27. Qa5 Red8 28. Rbd2 Bxd5 29. Rxd5 Rxd5 30. Rxd5 b6 31. Qb5 Qe6 32. a4 Qc6 33. Qb3 Kc7 34. Qd1 Qe6 35. h3 Qe7 36. Re5 Qf6 37. Rd5 Rd8 38. Kh2 Rxd5 39. Qxd5 Qc6 40. Qf7+ Kb8 41. h4 Ka8 42. Qg7 Kb8 43. Qf7 Qd6 44. Qg7 a6 45. Qf7 Kc8 46. Qa7 a5 47. Qa8+ Kd7 48. Qb7+ Ke8 49. Kh3 Qe6 50. Kh2 Qd6 51. Kh3 Kd8 52. Kh2 Qf6 53. Kh3 Qe6 54. Kh2 Qd6 55. Kh3 Qc7 56. Qd5+ Qd7 57. Qg8+ Qe8 58. Qd5+ Kc7 59. Kh2 Qxa4 60. Qf7+ Qd7 61. Qxg6 a4 62. Qxh5 a3 63. Qe2 Qd3 64. Qa2 Qxe3 65. g3 Qc3 66. h5 Qb2+ 67. Qxb2 axb2 68. h6 b1=Q 0-1


[Site "https://www.chess.com"]

[Event "Titled Tuesday Blitz July 4 Late 2023"]
[White "Kamsky, Gata"]
[Black "AdvanceGuard4"]
[WhiteFideId "2000024"]
[WhiteElo "2992"]
[BlackElo "2559"]
[Result "1-0"]
[Round "2"]
[TimeControl "180+2"]
[Date "2023.07.04"]
[WhiteClock "0:01:17"]
[BlackClock "0:00:14"]
[Board "16"]

1. d4 d5 2. Bf4 Nf6 3. e3 e6 4. Nf3 c5 5. c3 Bd6 6. Bb5+ Nc6 7. Bg3 Bxg3 8. hxg3 Qd6 9. Nbd2 Bd7 10. a4 Ne7 11. Bd3 Ng6 12. Bxg6 fxg6 13. Ne5 O-O 14. O-O Bc6 15. f4 Nd7 16. Nxd7 Bxd7 17. Nf3 b5 18. axb5 Bxb5 19. Rf2 Rfb8 20. Ne5 Be8 21. g4 Rb7 22. g5 Rab8 23. Ra2 Bb5 24. Qc1 Bc4 25. Ra5 cxd4 26. exd4 Qb6 27. Rc5 Rc7 28. b4 Rxc5 29. dxc5 Qc7 30. Qe3 Bb5 31. Ra2 a6 32. Nf3 Kh8 33. Nd4 Rf8 34. Nxe6 Qe7 35. Qe5 Re8 36. Nc7 Qxe5 37. fxe5 Bc4 38. Nxe8 Bxa2 39. c6 1-0


[Site "https://www.chess.com"]

[Event "Titled Tuesday Blitz July 4 Late 2023"]
[White "He, Anthony"]
[Black "The_Sherman_Variation"]
[WhiteFideId "2088215"]
[WhiteElo "2979"]
[BlackElo "2558"]
[Result "1-0"]
[Round "2"]
[TimeControl "180+2"]
[Date "2023.07.04"]
[WhiteClock "0:00:33"]
[BlackClock "0:00:03"]
[Board "17"]

1. e4 c5 2. c3 d5 3. exd5 Qxd5 4. d4 Nc6 5. Nf3 Bg4 6. Be2 Nf6 7. O-O e6 8. h3 Bh5 9. Be3 cxd4 10. cxd4 Be7 11. Nc3 Qd8 12. Qb3 O-O 13. Rfd1 Na5 14. Qa4 Nd5 15. Rac1 Nxe3 16. fxe3 a6 17. Ne5 Bxe2 18. Nxe2 b5 19. Qc2 Rc8 20. Qe4 Bf6 21. Ng4 Nc4 22. b3 Nd6 23. Rxc8 Nxe4 24. Rxd8 Rxd8 25. Rc1 Bg5 26. g3 h5 27. h4 hxg4 28. hxg5 Nxg5 29. Rc6 Ra8 30. Nc3 Kf8 31. Rc7 e5 32. d5 f6 33. a3 Nf7 34. Ne4 Rd8 35. Nc3 Nd6 36. Ra7 Rc8 37. Na2 Nf5 38. Nb4 Nxe3 39. d6 Rd8 40. d7 Nd5 41. Nxd5 Kf7 42. Nb6 Ke6 43. Rxa6 Ke7 44. Kf2 Rb8 45. Ke3 Kd8 46. Ke4 g6 47. Kd5 Ke7 48. a4 bxa4 49. bxa4 Rd8 50. a5 Rb8 51. Ra7 Rh8 52. a6 Rh1 53. Ra8 Rd1+ 54. Kc6 Rc1+ 55. Kb7 Rd1 56. Re8+ Kf7 57. d8=Q Rxd8 58. Rxd8 Ke6 59. a7 Kf5 60. a8=Q g5 61. Qc8+ Ke4 62. Qxg4+ Ke3 63. Nc4+ Kf2 64. Rd2+ Kg1 65. Qd1# 1-0


[Site "https://www.chess.com"]

[Event "Titled Tuesday Blitz July 4 Late 2023"]
[White "Estrada Nieto, Julian"]
[Black "Kollars, Dmitrij"]
[WhiteFideId "5101018"]
[BlackFideId "12909572"]
[WhiteElo "2556"]
[BlackElo "2978"]
[Result "0-1"]
[Round "2"]
[TimeControl "180+2"]
[Date "2023.07.04"]
[WhiteClock "0:00:00"]
[BlackClock "0:00:54"]
[Board "18"]

1. e4 c6 2. d4 d5 3. Nc3 dxe4 4. Nxe4 Nf6 5. Nxf6+ exf6 6. c3 Bd6 7. Bd3 O-O 8. Ne2 c5 9. Qc2 g6 10. Bh6 Re8 11. O-O-O Qc7 12. dxc5 Bxc5 13. Ng3 Nc6 14. h4 Ne5 15. Ne4 Be7 16. h5 g5 17. Rhe1 Be6 18. Kb1 Rad8 19. Bb5 Rxd1+ 20. Rxd1 Rd8 21. Rxd8+ Qxd8 22. f3 Qd5 23. Qa4 a6 24. Bxa6 Bd7 25. Qc2 bxa6 0-1


[Site "https://www.chess.com"]

[Event "Titled Tuesday Blitz July 4 Late 2023"]
[White "Indjic, Aleksandar"]
[Black "Jovic, Stanoje"]
[WhiteFideId "911925"]
[BlackFideId "905020"]
[WhiteElo "2970"]
[BlackElo "2555"]
[Result "1-0"]
[Round "2"]
[TimeControl "180+2"]
[Date "2023.07.04"]
[WhiteClock "0:00:27"]
[BlackClock "0:00:00"]
[Board "19"]

1. d4 Nf6 2. c4 d6 3. Nf3 Bg4 4. Nc3 Nbd7 5. g3 e5 6. Bg2 c6 7. h3 Bh5 8. g4 Bg6 9. Nh4 Qb6 10. Nxg6 hxg6 11. e3 O-O-O 12. O-O Nh7 13. d5 Ng5 14. Kh2 f5 15. f4 Nf7 16. g5 e4 17. Rb1 Nc5 18. Na4 Qa6 19. Nc3 Nd3 20. b3 Kb8 21. Rb2 Be7 22. Rd2 Nxc1 23. Qxc1 Rc8 24. Rfd1 Bd8 25. dxc6 bxc6 26. Na4 Ba5 27. Rc2 Rhd8 28. Qb2 Bb6 29. Nxb6 Qxb6 30. Qxg7 Rc7 31. Qd4 Qb4 32. h4 a5 33. Kg3 a4 34. Qc3 Qxc3 35. Rxc3 d5 36. cxd5 cxd5 37. Rxc7 Kxc7 38. bxa4 Kd6 39. Rb1 Kc7 40. h5 gxh5 41. Kh4 Nd6 42. Bf1 Rh8 43. g6 Ne8 44. Kg5 h4 45. Bh3 Ng7 46. Kf6 Nh5+ 47. Kxf5 Ng3+ 48. Kg5 d4 49. exd4 e3 50. Re1 e2 51. g7 Rd8 52. Kxh4 1-0


[Site "https://www.chess.com"]

[Event "Titled Tuesday Blitz July 4 Late 2023"]
[White "Przybylski, Wojciech"]
[Black "Andreikin, Dmitry"]
[WhiteFideId "1117599"]
[BlackFideId "4158814"]
[WhiteElo "2555"]
[BlackElo "2968"]
[Result "0-1"]
[Round "2"]
[TimeControl "180+2"]
[Date "2023.07.04"]
[WhiteClock "0:00:00"]
[BlackClock "0:00:17"]
[Board "20"]

1. e4 c5 2. Nf3 e6 3. b3 b6 4. Bb2 Bb7 5. Qe2 Nf6 6. e5 Nd5 7. Nc3 Nc6 8. O-O-O Rc8 9. Kb1 Be7 10. Ne4 O-O 11. g4 b5 12. g5 c4 13. Nf6+ Bxf6 14. gxf6 cxb3 15. cxb3 Qa5 16. Rg1 g6 17. Qxb5 Ndb4 18. a3 Nd5 19. Nd4 Qc7 20. Nxc6 Bxc6 21. Qc4 Qb7 22. Ka2 a5 23. Rg3 a4 24. Qh4 Nb4+ 25. Qxb4 axb3+ 26. Rxb3 Qa7 27. Bd4 Qa8 28. Bc4 Ba4 29. Rdb1 Bxb3+ 30. Rxb3 Qe4 31. Qc3 d5 32. exd6 e5 33. Bb6 Rxc4 34. Qe3 Rc2+ 35. Rb2 Qc4+ 36. Qb3 Qxb3+ 37. Kxb3 Rxb2+ 38. Kxb2 Rb8 39. Kc3 Rxb6 0-1


[Site "https://www.chess.com"]

[Event "Titled Tuesday Blitz July 4 Late 2023"]
[White "Sjugirov, Sanan"]
[Black "Cremisi, Daniel"]
[WhiteFideId "4189302"]
[BlackFideId "2089882"]
[WhiteElo "2964"]
[BlackElo "2554"]
[Result "1-0"]
[Round "2"]
[TimeControl "180+2"]
[Date "2023.07.04"]
[WhiteClock "0:02:15"]
[BlackClock "0:02:23"]
[Board "21"]

1. e4 e6 2. d4 d5 3. e5 c5 4. c3 Nc6 5. Nf3 Qb6 6. a3 Nh6 7. b4 cxd4 8. cxd4 Nf5 9. Be3 f6 10. exf6 gxf6 11. Bd3 Nxe3 12. fxe3 Bd7 13. O-O Bh6 14. Qe2 O-O 15. Nc3 Rac8 16. Na4 Qd8 17. Nc5 b6 18. Nxd7 Qxd7 19. Kh1 Kh8 20. e4 dxe4 21. Qxe4 Qd5 22. Qxh7# 1-0


[Site "https://www.chess.com"]

[Event "Titled Tuesday Blitz July 4 Late 2023"]
[White "Sadovsky, Artem"]
[Black "Makarian, Rudik"]
[WhiteFideId "4155840"]
[BlackFideId "44105681"]
[WhiteElo "2553"]
[BlackElo "2961"]
[Result "0-1"]
[Round "2"]
[TimeControl "180+2"]
[Date "2023.07.04"]
[WhiteClock "0:00:22"]
[BlackClock "0:00:51"]
[Board "22"]

1. Nf3 Nf6 2. e3 d5 3. Be2 g6 4. b3 Bg7 5. Bb2 O-O 6. O-O c5 7. c4 d4 8. exd4 Nh5 9. Ne5 cxd4 10. Bxh5 Bxe5 11. Bf3 Nc6 12. Re1 Qc7 13. h3 Bf5 14. Qe2 Bf6 15. Bxc6 d3 16. Qf3 Bxb2 17. Bxb7 Rab8 18. Nc3 Bxa1 19. Nd5 Qxb7 20. Rxe7 Qa8 21. g4 Be6 22. Nf6+ Bxf6 23. Qxf6 Qe4 24. Qg7+ 0-1


[Site "https://www.chess.com"]

[Event "Titled Tuesday Blitz July 4 Late 2023"]
[White "Oparin, Grigoriy"]
[Black "Ismagilov, Damir"]
[WhiteFideId "24125890"]
[BlackFideId "34199982"]
[WhiteElo "2950"]
[BlackElo "2552"]
[Result "1-0"]
[Round "2"]
[TimeControl "180+2"]
[Date "2023.07.04"]
[WhiteClock "0:01:15"]
[BlackClock "0:01:04"]
[Board "23"]

1. c4 c5 2. Nc3 Nc6 3. Nf3 g6 4. e3 Bg7 5. d4 cxd4 6. exd4 d6 7. d5 Ne5 8. Nxe5 Bxe5 9. Be2 Bg7 10. O-O Nf6 11. Re1 O-O 12. h3 e5 13. dxe6 Bxe6 14. Bg5 Qa5 15. Qd2 d5 16. Qf4 Ne4 17. Nxd5 Bxd5 18. cxd5 Nxg5 19. Qxg5 Bxb2 20. Rab1 Bg7 21. Red1 Rad8 22. Rxb7 Qxa2 23. Bf3 a5 24. d6 a4 25. Rxf7 Rxf7 26. Qxd8+ Rf8 27. Bd5+ Qxd5 28. Qxf8+ Bxf8 29. Rxd5 a3 30. d7 a2 31. Ra5 Be7 32. Rxa2 Kf7 33. Ra8 Ke6 34. d8=Q Bxd8 35. Rxd8 Kf6 36. Rd7 h5 37. h4 g5 38. hxg5+ Kxg5 39. Rd5+ Kg6 40. Kh2 h4 41. Kh3 Kf6 42. Kxh4 Kg6 43. Rg5+ Kf7 44. f4 Ke6 45. g4 Ke7 46. Kh5 Kf6 47. Rg6+ Ke7 48. Kh6 Kf7 49. g5 Kf8 50. f5 Ke7 51. Re6+ Kf7 52. Kh7 Kf8 53. Rf6+ Ke7 54. Kg7 Ke8 55. Rf7 Kd8 56. f6 Ke8 57. g6 Kd8 58. Kh7 Ke8 59. Kh6 Kd8 60. g7 Ke8 61. Kg6 Kd8 62. g8=Q# 1-0


[Site "https://www.chess.com"]

[Event "Titled Tuesday Blitz July 4 Late 2023"]
[White "Chigaev, Maksim"]
[Black "D`Arruda, Ricardo D."]
[WhiteFideId "4108116"]
[BlackFideId "100692"]
[WhiteElo "2943"]
[BlackElo "2552"]
[Result "1-0"]
[Round "2"]
[TimeControl "180+2"]
[Date "2023.07.04"]
[WhiteClock "0:00:50"]
[BlackClock "0:01:33"]
[Board "24"]

1. e4 c5 2. Nf3 Nc6 3. Bb5 g6 4. O-O Bg7 5. Re1 Nf6 6. c3 O-O 7. h3 d6 8. d4 cxd4 9. cxd4 Bd7 10. Nc3 a6 11. Bd3 e5 12. d5 Ne7 13. a4 Qc7 14. Be3 Rac8 15. a5 Nh5 16. Nd2 Nf4 17. Bf1 f5 18. Nc4 fxe4 19. Nb6 Rcd8 20. Rc1 Qb8 21. Nxd7 Rxd7 22. Nxe4 Nf5 23. Ng5 Nxe3 24. fxe3 Nh5 25. Ne6 Rc8 26. Be2 Nf6 27. Qa4 Rxc1 28. Rxc1 Bh6 29. Rc3 Nxd5 30. Qxd7 Nxc3 31. bxc3 Bxe3+ 32. Kh1 Bh6 33. Bc4 Kh8 34. Nd8 Bf8 35. Qf7 1-0


[Site "https://www.chess.com"]

[Event "Titled Tuesday Blitz July 4 Late 2023"]
[White "Sreyas Payyappat"]
[Black "Xiong, Jeffery"]
[WhiteFideId "46674969"]
[BlackFideId "2047640"]
[WhiteElo "2548"]
[BlackElo "2943"]
[Result "1/2-1/2"]
[Round "2"]
[TimeControl "180+2"]
[Date "2023.07.04"]
[WhiteClock "0:00:15"]
[BlackClock "0:00:21"]
[Board "25"]

1. e4 e6 2. d4 d5 3. Nc3 Bb4 4. e5 b6 5. a3 Bf8 6. Nf3 Qd7 7. Be3 Ne7 8. g4 h5 9. gxh5 Rxh5 10. Bd3 Ba6 11. Ng5 g6 12. Qf3 Ng8 13. Nxd5 Bxd3 14. Nf6+ Nxf6 15. Qxa8 Nd5 16. Qxb8+ Ke7 17. cxd3 Nxe3 18. fxe3 Rxg5 19. Rc1 c5 20. dxc5 Qxd3 21. Qd6+ Qxd6 22. cxd6+ Kd8 23. Rf1 Rxe5 24. Rxf7 Bxd6 25. Rd1 Ke8 26. Rf6 Rxe3+ 27. Kf1 Bc5 28. Re1 Rb3 29. Rexe6+ Kd7 30. Re2 g5 31. Rg6 Be3 32. Rg7+ Kc6 33. Rxa7 Bd4 34. Rae7 Bxb2 35. a4 Bd4 36. R7e4 Rb4 37. Rg4 Rxa4 38. Rxg5 Ra1+ 39. Re1 Ra2 40. Rg2 Ra3 41. Rg4 Bc5 42. h4 b5 43. Rc1 b4 44. Rgc4 Ra5 45. Rxb4 Kd5 46. Rg4 Be7 47. Re1 Bf6 48. Kg2 Ra2+ 49. Kh3 Ra3+ 50. Rg3 Ra4 51. Rg4 Ra3+ 52. Kg2 Ra2+ 53. Kf3 Ra3+ 54. Re3 Ra1 55. Kf4 Rh1 56. Re8 Rxh4 57. Rxh4 Bxh4 58. Kg4 Bf6 59. Rf8 Be7 60. Rf5+ Ke4 61. Rf4+ Ke5 62. Rf1 Bb4 63. Rb1 Bc3 64. Kf3 Kd5 65. Rb3 Bd4 66. Rb8 Ke5 67. Rd8 Bb6 68. Re8+ Kd5 69. Kf4 Bc7+ 70. Kf5 Bb6 71. Rc8 Bc5 72. Rd8+ Kc6 73. Ke6 Bb6 74. Rd1 Ba7 75. Rc1+ Kb7 76. Kd7 Ka8 77. Rc8+ Kb7 78. Rc7+ Ka8 79. Kc6 Bb8 80. Rb7 Ba7 81. Rb1 Bb8 82. Kb6 Ba7+ 83. Ka6 Bb8 84. Rb7 Bg3 85. Ra7+ Kb8 86. Rg7 Bf2 87. Rg8+ Kc7 88. Kb5 Kb7 89. Rg7+ Ka8 90. Kc6 Ba7 91. Rb7 Bb8 92. Kb6 Bg3 93. Ra7+ Kb8 94. Ra2 Bc7+ 95. Kc6 Bg3 96. Kb6 Bc7+ 97. Kc6 Bg3 98. Ra3 Bf4 99. Ra4 Bg3 100. Rg4 Be5 101. Rg5 Bf4 102. Rg8+ Ka7 103. Rf8 Be5 104. Rf5 Bg3 105. Rf3 Be5 106. Ra3+ Kb8 107. Kb6 Bd4+ 1/2-1/2


[Site "https://www.chess.com"]

[Event "Titled Tuesday Blitz July 4 Late 2023"]
[White "Keymer, Vincent"]
[Black "Besedes, Danilo"]
[WhiteFideId "12940690"]
[BlackFideId "946796"]
[WhiteElo "2940"]
[BlackElo "2547"]
[Result "1-0"]
[Round "2"]
[TimeControl "180+2"]
[Date "2023.07.04"]
[WhiteClock "0:00:17"]
[BlackClock "0:00:10"]
[Board "26"]

1. a3 e5 2. c4 Nf6 3. d3 Nc6 4. Nf3 d5 5. cxd5 Nxd5 6. e4 Nf6 7. Be2 Be7 8. Be3 O-O 9. O-O Bg4 10. Nbd2 a5 11. Rc1 Re8 12. h3 Bh5 13. Qb3 Rb8 14. Qb5 Nd7 15. Rfd1 Bf6 16. Nf1 Bxf3 17. Bxf3 Nd4 18. Bxd4 exd4 19. Qxa5 c6 20. Qxd8 Rbxd8 21. Bg4 Ne5 22. f4 Ng6 23. g3 Be7 24. Nd2 Bd6 25. Nb3 Bb8 26. Kg2 h5 27. Bxh5 Bxf4 28. Rb1 Bb8 29. Bxg6 fxg6 30. Na5 Rd7 31. Rf1 Re5 32. Nc4 Rg5 33. g4 b5 34. Nd2 c5 35. Nf3 Bf4 36. Rbc1 c4 37. Nxg5 Bxg5 38. dxc4 Bxc1 39. Rxc1 bxc4 40. Rxc4 d3 41. Rc1 Rb7 42. b4 Ra7 43. Ra1 d2 44. Rd1 Rxa3 45. Rxd2 Rb3 46. Rd8+ Kf7 47. Rb8 Re3 48. Rb7+ Kf6 49. Rb8 Rxe4 50. Kf3 Rc4 51. h4 Rc3+ 52. Ke2 Rc4 53. g5+ Kf7 54. b5 Rxh4 55. b6 Rb4 56. Kd3 Rb5 57. Kc4 Rb1 58. Kd5 Ke7 59. Kc6 Rc1+ 60. Kb7 Ke6 61. Rc8 Rb1 62. Rc7 Kf5 63. Rc5+ Kg4 64. Kc7 Rf1 65. b7 Rf7+ 66. Kb6 Rf8 67. Ka7 Rf7 68. Ka8 1-0


[Site "https://www.chess.com"]

[Event "Titled Tuesday Blitz July 4 Late 2023"]
[White "Eljanov, Pavel"]
[Black "Golubev, Mikhail"]
[WhiteFideId "14102951"]
[BlackFideId "14100983"]
[WhiteElo "2931"]
[BlackElo "2546"]
[Result "1-0"]
[Round "2"]
[TimeControl "180+2"]
[Date "2023.07.04"]
[WhiteClock "0:00:44"]
[BlackClock "0:00:00"]
[Board "27"]

1. d4 Nf6 2. c4 g6 3. Nc3 Bg7 4. e4 d6 5. Be2 O-O 6. Be3 c5 7. d5 e6 8. Nf3 exd5 9. cxd5 b5 10. e5 dxe5 11. Bxc5 Re8 12. Bxb5 Bd7 13. Be2 Bg4 14. O-O e4 15. Nd4 Bxe2 16. Ndxe2 Nbd7 17. Bd4 Nb6 18. Nf4 Qd6 19. g3 Rad8 20. Qb3 g5 21. Bxf6 Bxf6 22. Nh5 Bxc3 23. Qxc3 Re5 24. Rad1 f6 25. f4 exf3 26. Qxf3 Nxd5 27. Nxf6+ Kh8 28. Qd3 Qb6+ 29. Kh1 Nxf6 30. Qxd8+ Qxd8 31. Rxd8+ Kg7 32. Rd2 1-0


[Site "https://www.chess.com"]

[Event "Titled Tuesday Blitz July 4 Late 2023"]
[White "Storme, Isak"]
[Black "Ibrahimli, Murad"]
[WhiteFideId "1728113"]
[BlackFideId "13410229"]
[WhiteElo "2546"]
[BlackElo "2916"]
[Result "0-1"]
[Round "2"]
[TimeControl "180+2"]
[Date "2023.07.04"]
[WhiteClock "0:00:11"]
[BlackClock "0:00:41"]
[Board "28"]

1. e4 c6 2. Nf3 d5 3. d3 Bg4 4. h3 Bh5 5. g4 Bg6 6. Qe2 Nd7 7. Nh4 e6 8. Nxg6 hxg6 9. Bg2 dxe4 10. dxe4 e5 11. g5 Nc5 12. h4 Ne6 13. Qg4 Nd4 14. Qd1 Qa5+ 15. Bd2 Qc5 16. c3 Ne6 17. Be3 Qb5 18. Qe2 Qxe2+ 19. Kxe2 Bc5 20. Nd2 Bxe3 21. fxe3 f6 22. Nc4 Ke7 23. Rad1 Rd8 24. Rxd8 Nxd8 25. Kf3 Nf7 26. Kg4 fxg5 27. hxg5 Rxh1 28. Bxh1 b5 29. Na5 Nd8 30. b4 Kd6 31. Bf3 Ne7 32. Bd1 c5 33. Nb3 cxb4 34. cxb4 Nec6 35. a3 Ne6 36. Nd2 a5 37. bxa5 Nxa5 38. Be2 Kc5 39. Nf3 Nc6 40. Bd1 Kd6 41. Bb3 Nc5 42. Bf7 Nxe4 43. Bxg6 Nf2+ 44. Kg3 Nd1 45. Nd2 Nxe3 46. Kf3 Nc4 47. Ne4+ Kc7 48. Bf7 Nd4+ 49. Kg4 Nxa3 50. Nc3 Kd6 51. Kh5 b4 52. Ne4+ Ke7 53. Kg6 b3 54. Kxg7 b2 55. Nc3 b1=Q 56. Nxb1 Nxb1 57. g6 Nf5+ 58. Kh7 Kf6 59. Bb3 Nc3 60. Bc2 Ng7 61. Kh6 Nd5 62. Kh7 Nf4 63. Be4 Nh3 64. Bb1 Ng5+ 65. Kh6 N5e6 66. Kh7 Ne8 67. Kg8 Nd6 68. Kh7 Nf5 69. Ba2 Nf8+ 70. Kg8 Nxg6 71. Bb1 Nge7+ 72. Kf8 Nc6 73. Ke8 Ke6 74. Ba2+ Kd6 75. Bb1 Ng3 76. Kf7 Kd5 77. Kf6 Kd4 78. Kg5 Ne4+ 79. Kf5 Nd2 80. Ba2 e4 81. Bf7 Ne7+ 82. Kf4 Nd5+ 83. Kg3 Nf6 84. Kf2 e3+ 85. Ke2 Nde4 86. Bg6 Ng3+ 87. Ke1 Ke5 88. Bb1 Kf4 89. Bd3 Ne8 90. Ba6 Nd6 91. Kd1 Ndf5 92. Ke1 Nd4 93. Bd3 Nf3+ 94. Kd1 Ne4 95. Ba6 Nc3+ 96. Kc2 Nd5 97. Kd1 Ke4 98. Bb5 Kd4 99. Ba6 Ne5 100. Ke1 Nf4 101. Bf1 Nc4 102. Kd1 Nd3 103. Be2 Ncb2+ 104. Kc2 Nf4 105. Ba6 Nbd3 106. Kd1 e2+ 107. Kd2 e1=Q+ 108. Kc2 Qc1+ 109. Kb3 Qb2+ 110. Ka4 Qb4# 0-1


[Site "https://www.chess.com"]

[Event "Titled Tuesday Blitz July 4 Late 2023"]
[White "Gasparyan, David"]
[Black "Durarbayli, Vasif"]
[WhiteFideId "13311980"]
[BlackFideId "13402935"]
[WhiteElo "2545"]
[BlackElo "2912"]
[Result "0-1"]
[Round "2"]
[TimeControl "180+2"]
[Date "2023.07.04"]
[WhiteClock "0:01:21"]
[BlackClock "0:01:26"]
[Board "29"]

1. Nf3 c5 2. g3 Nc6 3. Bg2 g6 4. O-O Bg7 5. d3 e5 6. Nc3 Nge7 7. e4 d6 8. h3 h6 9. Be3 Be6 10. Ne2 Qd7 11. Kh2 f5 12. c3 O-O 13. Nd2 f4 14. gxf4 exf4 15. Bxf4 Rxf4 16. Nxf4 Be5 17. Qf3 Rf8 18. Kh1 Bxf4 19. Nc4 b5 20. Ne3 Ne5 21. Qe2 Bxh3 22. Rg1 Bxg2+ 23. Rxg2 Qh3+ 24. Kg1 Nf3+ 0-1


[Site "https://www.chess.com"]

[Event "Titled Tuesday Blitz July 4 Late 2023"]
[White "Sanal, Vahap"]
[Black "Tomb, Maroun"]
[WhiteFideId "6300545"]
[BlackFideId "5300398"]
[WhiteElo "2893"]
[BlackElo "2544"]
[Result "1-0"]
[Round "2"]
[TimeControl "180+2"]
[Date "2023.07.04"]
[WhiteClock "0:01:03"]
[BlackClock "0:00:00"]
[Board "30"]

1. c4 d6 2. d4 Nf6 3. Nf3 Nbd7 4. Nc3 e5 5. e4 Be7 6. Be2 c6 7. O-O Qc7 8. Qc2 O-O 9. h3 a5 10. Be3 Re8 11. d5 cxd5 12. cxd5 Nc5 13. Nb5 Qb6 14. Bxc5 dxc5 15. Nxe5 Bf8 16. Nf3 Nxe4 17. Bd3 Nf6 18. Rad1 Bd7 19. Nc3 a4 20. Ng5 g6 21. Nge4 Bg7 22. Rd2 Re5 23. Nxf6+ Bxf6 24. Be4 c4 25. d6 Be6 26. d7 Rd8 27. Rfd1 a3 28. bxa3 Qc5 29. Bxb7 Qxa3 30. Ne4 Bg7 31. Bd5 Bf5 32. Qxc4 Rxd7 33. Ng5 Qf8 34. Bxf7+ Rxf7 35. Rd8 Re8 36. Nxf7 Be6 37. Qxe6 Rxe6 38. Rxf8+ Bxf8 39. Ng5 Ra6 40. Rd2 1-0


[Site "https://www.chess.com"]

[Event "Titled Tuesday Blitz July 4 Late 2023"]
[White "ArtemDyachuk"]
[Black "Erdogmus, Yagiz Kaan"]
[BlackFideId "44599790"]
[WhiteElo "2542"]
[BlackElo "2890"]
[Result "1-0"]
[Round "2"]
[TimeControl "180+2"]
[Date "2023.07.04"]
[WhiteClock "0:00:26"]
[BlackClock "0:00:00"]
[Board "31"]

1. e4 c5 2. Nf3 d6 3. d4 cxd4 4. Nxd4 Nf6 5. Nc3 a6 6. Qf3 Nbd7 7. h3 e6 8. g4 h6 9. Be3 Qc7 10. O-O-O b5 11. Bg2 Bb7 12. a3 Rc8 13. Qe2 Nc5 14. f3 e5 15. Nf5 g6 16. Nxh6 Bxh6 17. Bxh6 Nfxe4 18. fxe4 Rxh6 19. Qd2 Rh4 20. Qxd6 Qxd6 21. Rxd6 Ne6 22. Rb6 Nc5 23. Rd1 Rc6 24. Rxc6 Bxc6 25. Rd6 Bb7 26. Rb6 f5 27. Rxg6 Nxe4 28. Nxe4 Bxe4 29. Bxe4 fxe4 30. Re6+ Kd7 31. Rxe5 Rxh3 32. Rxe4 Rg3 33. Kd2 Kd6 34. c3 Rg2+ 35. Kc1 a5 36. Rd4+ Kc6 37. Rf4 a4 38. c4 1-0


[Site "https://www.chess.com"]

[Event "Titled Tuesday Blitz July 4 Late 2023"]
[White "Zhigalko, Sergei"]
[Black "Fiol, Fabrice"]
[WhiteFideId "13502956"]
[BlackFideId "611670"]
[WhiteElo "2887"]
[BlackElo "2542"]
[Result "1-0"]
[Round "2"]
[TimeControl "180+2"]
[Date "2023.07.04"]
[WhiteClock "0:00:42"]
[BlackClock "0:00:43"]
[Board "32"]

1. e4 c5 2. Nf3 e6 3. c3 d5 4. e5 d4 5. Bd3 Bd7 6. O-O Bc6 7. b4 b6 8. b5 Bb7 9. Na3 Ne7 10. Nc4 Ng6 11. Re1 Be7 12. cxd4 cxd4 13. Be4 Bxe4 14. Rxe4 Qc7 15. Rxd4 O-O 16. Bb2 Nd7 17. Rc1 Bc5 18. Rg4 f5 19. exf6 Nxf6 20. Bxf6 Rxf6 21. d4 Rd8 22. Qe1 Rxf3 23. gxf3 Bxd4 24. Qxe6+ Kh8 25. Rxd4 Rf8 26. Qe3 Qc8 27. Ne5 Qh3 28. Nxg6+ hxg6 29. Rg4 Rxf3 30. Qe8+ Kh7 31. Qxg6+ 1-0


[Site "https://www.chess.com"]

[Event "Titled Tuesday Blitz July 4 Late 2023"]
[White "Moral Garcia, Serafin"]
[Black "Dardha, Daniel"]
[WhiteFideId "2201925"]
[BlackFideId "240990"]
[WhiteElo "2541"]
[BlackElo "2885"]
[Result "0-1"]
[Round "2"]
[TimeControl "180+2"]
[Date "2023.07.04"]
[WhiteClock "0:00:52"]
[BlackClock "0:01:43"]
[Board "33"]

1. e4 e6 2. d4 d5 3. Nd2 c5 4. exd5 cxd4 5. Ngf3 Qxd5 6. Bc4 Qd7 7. O-O Nc6 8. Nb3 a6 9. Nbxd4 Nxd4 10. Nxd4 Qc7 11. Bb3 Bd6 12. h3 Ne7 13. Re1 O-O 14. c3 b5 15. Qh5 Ng6 16. Bc2 Bb7 17. Nf3 Qc5 18. Bxg6 hxg6 19. Qg4 Qf5 20. Qxf5 gxf5 21. Ne5 f6 22. Nd7 Rfe8 23. Be3 Rad8 24. Nb6 f4 25. Bd2 Bc7 0-1


[Site "https://www.chess.com"]